 Dungeon Crawl Stone Soup version 0.25-b1-37-g2669288c55 (console) character file.

Game seed: 16507673650980804445

306636 Leslie the Slayer (level 20, -2/209 HPs)
             Began as a Minotaur Berserker on June 5, 2020.
             Was a High Priest of Trog.
             Killed by divine providence
             ... invoked by a deep elf high priest
              (16 damage)
             ... on level 5 of the Vaults on June 6, 2020.
             The game lasted 06:13:52 (54249 turns).

Leslie the Slayer (Minotaur Berserker)             Turns: 54249, Time: 06:13:53

Health: -2/209     AC: 27    Str: 33    XL:     20   Next: 31%
Magic:  19/19      EV: 29    Int:  7    God:    Trog [*****.]
Gold:   2015       SH: 15    Dex: 16    Spells: 19/19 levels left

rFire    + . .     SeeInvis .   y - +7 broad axe (vorpal)
rCold    + . .     Gourm    .   J - +0 kite shield {reflect}
rNeg     . . .     Faith    .   e - +0 crystal plate armour of Masochism {MR+ Str+8}
rPois    .         Spirit   .   Y - +1 hat {Int+3}
rElec    .         Reflect  +   C - scarf {rC+ rF+}
rCorr    +         Harm     .   R - +2 pair of gloves
MR       +++..                  D - +0 pair of boots
Stlth    ..........             E - amulet of the acrobat
HPRegen  0.44/turn              o - ring of resist corrosion
MPRegen  0.16/turn              H - ring of the Final Chapter {+Inv MR+ Stlth+}

@: mighty, lethally poisoned (-2 -> -3), corroded, berserk cooldown, acrobat,
hasted and slowed
A: retaliatory headbutt, horns 2
}: 2/15 runes: decaying, gossamer
a: Berserk, Trog's Hand, Brothers in Arms, Renounce Religion, Evoke Invisibility


You were on level 5 of the Vaults.
You worshipped Trog.
Trog was extremely pleased with you.
You were very hungry.

You visited 6 branches of the dungeon, and saw 36 of its levels.
You visited the Abyss 3 times.
You visited 1 bazaar.
You also visited: Gauntlet, Ice Cave and Volcano.

You collected 4307 gold pieces.
You spent 2292 gold pieces at shops.

Inventory:

Hand Weapons
 j - the +10 battleaxe "Ynly" {vorpal, rC+ MR+ Int+7 Dex-4}
   (Trog gifted it to you in a Gauntlet)

   It inflicts extra damage upon your enemies.
   It affects your intelligence (+7).
   It affects your dexterity (-4).
   It protects you from cold.
   It affects your resistance to hostile enchantments.
 r - a +3 executioner's axe of flaming
 y - a +7 vorpal broad axe (weapon)
 A - the +3 broad axe of Honour {flame, Str+4}
   (Trog gifted it to you on level 1 of the Vaults)

   It has been specially enchanted to burn those struck by it, causing extra
   injury to most foes and up to half again as much damage against particularly
   susceptible opponents.
   Big, fiery blades are also staple armaments of hydra-hunters.
   It affects your strength (+4).
 F - a +5 broad axe of flaming
 I - the +8 executioner's axe "Bir Avic" {vorpal, Str+3 SInv}
   (Trog gifted it to you on level 1 of the Orcish Mines)

   It inflicts extra damage upon your enemies.
   It affects your strength (+3).
   It lets you see invisible.
 K - a +5 battleaxe of freezing
 O - a +6 antimagic executioner's axe
 U - the +0 broad axe of Midsummer {protect, Int-3 Dex+8 SInv}
   (You found it on level 2 of the Spider Nest)

   It grants its wielder temporary protection when it strikes (+7 to AC).
   It affects your intelligence (-3).
   It affects your dexterity (+8).
   It lets you see invisible.
Missiles
 M - 26 boomerangs (quivered)
Armour
 e - the +0 crystal plate armour of Masochism (worn) {MR+ Str+8}
   (You bought it in a shop on level 2 of the Orcish Mines)

   It affects your strength (+8).
   It affects your resistance to hostile enchantments.
 C - a scarf of resistance (worn)
 D - a +0 pair of boots (worn)
 J - a +0 kite shield of reflection (worn)
 R - a +2 pair of gloves (worn)
 S - a +0 cloak of preservation
 W - +8 gold dragon scales
 X - +3 storm dragon scales {Bai Suzhen}
 Y - a +1 hat of intelligence (worn)
Jewellery
 g - the amulet of Vitality {Regen+ HP+15}
   (You acquired it on level 6 of the Lair of Beasts)

   [amulet of regeneration]

   It affects your health (+15).
   It increases your rate of regeneration.
 o - a ring of resist corrosion (left hand)
 t - an uncursed ring of see invisible
 w - an uncursed ring of ice
 E - an amulet of the acrobat (around neck)
 H - the ring of the Final Chapter (right hand) {+Inv MR+ Stlth+}
   (You found it on level 6 of the Lair of Beasts)

   [ring of stealth]

   It affects your resistance to hostile enchantments.
   It lets you turn invisible.
   It makes you more stealthy.
 Z - an uncursed ring of fire
Wands
 z - a wand of acid (33)
Scrolls
 d - 14 scrolls of teleportation
 h - 6 scrolls of blinking
 k - 2 scrolls of fear
 l - 6 scrolls of remove curse
 q - 3 scrolls of identify
 x - 5 scrolls of fog
 B - 5 scrolls of holy word
 L - 3 scrolls of immolation
 Q - 4 scrolls of silence
Potions
 a - 3 potions of might
 b - a potion of resistance
 i - 3 potions of haste
 m - 5 potions of flight
 p - 2 potions of stabbing
 s - 6 potions of ambrosia
 u - 3 potions of berserk rage {unknown}
 v - 8 potions of curing
 G - 5 potions of invisibility
 P - 8 potions of mutation
 V - 2 potions of cancellation {unknown}
Miscellaneous
 T - a phantom mirror
Comestibles
 c - 25 rations


   Skills:
 + Level 24.6 Fighting
 - Level 23.9 Axes
 - Level 17.0 Armour
 - Level 12.0 Dodging
 - Level 15.0 Shields


You had 19 spell levels left.
You didn't know any spells.
Your spell library was empty.

Dungeon Overview and Level Annotations

Branches:
Dungeon (15/15)            Temple (0/1) D:7            Lair (6/6) D:10
  Swamp (4/4) Lair:4       Spider (4/4) Lair:4        Slime (0/5) Lair:5
    Orc (2/2) D:9             Elf (0/3) Orc:2        Vaults (5/5) D:13
 Depths (0/5) D:15          IceCv (visited)         Volcano (visited)
Gauntlet (visited)
  Crypt: Vaults:2-3

Altars:
Cheibriados
Fedhas
Hepliaklqana
Okawaru
The Shining One
Jiyva

Shops:
D:10 [   D:13 [   D:14 (   Orc:2 [[%=   Vaults:1 [   Vaults:3 :   Vaults:4 (

Annotations:
D:15 exclusion: oklob plant
Lair:4 1 runed translucent door, kalagan's ghost, journeyman HOFi


Innate Abilities, Weirdness & Mutations

You reflexively headbutt those who attack you in melee.
You have a pair of horns on your head.


Message History

The yaktaur captain shoots a bolt.
The bolt barely misses you.
Your two-headed ogre hits the tentacled monstrosity with a +0 giant club.
Your two-headed ogre hits the tentacled monstrosity with a +0 giant spiked club.
The deep elf high priest prays to its god.
The corpses begin to drag themselves along the ground!
You hear a shout! 6 crawling corpses come into view.
A vault sentinel comes into view. It is wielding a +0 morningstar.
The vault sentinel shouts!
The tentacled monstrosity completely misses you.
You furiously retaliate!
You headbutt the tentacled monstrosity!!
The tentacled monstrosity tentacle-slaps you but does no damage.
You block the tentacled monstrosity's attack.
The tentacled monstrosity barely misses you.
Your two-headed ogre hits the tentacled monstrosity with a +0 giant club!
Your two-headed ogre hits the tentacled monstrosity with a +0 giant spiked club!!!
The deep elf high priest mumbles some strange prayers to its god against you.
Something smites you!
You die...

#....#############
#...e).x.......(..
#x).)x...()....)..
#.)().(.c..c......
#...cc............
#§xx.#############
#.(x$.# #(X#..#
#@O#..# #..#..#
#..# .X #..# ..
#..# #..# #..#
#p.#


You could see a tentacled monstrosity, a vault sentinel, a deep elf high priest,
2 yaktaurs, 6 crawling corpses and a friendly two-headed ogre (summoned,
berserk).

Vanquished Creatures
  Bai Suzhen (Swamp:3)
  A golden dragon (Vaults:5)
  Jorgrun (D:15)
  A quicksilver dragon (Vaults:4)
  Rupert (D:14)
  A sphinx (Vaults:4)
  Frances (Spider:1)
  2 thorn hunters (Swamp:1)
  A tengu reaver (Vaults:5)
  Donald (Swamp:3)
  A revenant (Abyss:1)
  Roxanne (D:15)
  11 vault wardens
  A fire giant (Vaults:4)
  7 emperor scorpions
  Aizul (Swamp:4)
  2 ghost moths (Spider:4)
  12 ironheart preservers
  A cacodemon (Abyss:1)
  An orc warlord (Orc:1)
  2 war gargoyles
  7 entropy weavers
  2 very ugly things (Vaults:2)
  3 stone giants
  The ghost of Feguytzu the Basher, a journeyman GrMo of Gozag (Spider:1)
  Azrael (D:12)
  A spark wasp (Spider:4)
  A minotaur (Gauntlet)
  A deep elf death mage (Vaults:5)
  A crystal guardian (Vaults:3)
  Snorg (D:13)
  A death ooze (Gauntlet)
  Josephine (Orc:2)
  6 fire dragons
  4 yaktaur captains
  A catoblepas (D:14)
  4 rakshasas
  Harold (D:8)
  7 ice dragons
  32 vault guards
  11 hydras
  A shambling mangrove (Swamp:3)
  Erica (Lair:2)
  3 centaur warriors
  2 ghost crabs (Swamp:4)
  3 deep troll earth magi (Vaults:1)
  16 alligators
  27 two-headed ogres
  2 deep troll shamans
  6 ogre magi
  3 death yaks
  3 deep elf knights
  Sonja (Lair:5)
  A sixfirhy (D:7)
  A skeletal warrior (D:15)
  3 unseen horrors
  9 deep trolls
  A swamp dragon (Swamp:1)
  An obsidian statue (Vaults:1)
  4 deep elf archers
  Pikel (D:9)
  6 harpies
  8 deep elf magi
  10 orc knights
  A phantasmal warrior (Vaults:4)
  3 wizards
  9 ironbrand convokers
  3 necromancers (D:13)
  A large abomination (D:7)
  An orc sorcerer (Vaults:2)
  17 orb spiders
  4 cyclopes
  2 moths of wrath
  13 ugly things
  39 wolf spiders
  A worldbinder (Gauntlet)
  17 elephants
  3 black mambas
  Joseph (D:7)
  A guardian serpent (shapeshifter) (Vaults:3)
  Maurice (D:8)
  A salamander (shapeshifter) (Vaults:4)
  4 torpor snails
  A black mamba (shapeshifter) (Vaults:1)
  6 vault sentinels
  3 centaur zombies
  3 centaur skeletons
  A smoke demon (Abyss:1)
  2 ice statues (IceCv)
  A gargoyle (D:14)
  15 spiny frogs
  26 yaktaurs
  A yaktaur (shapeshifter) (Vaults:4)
  3 efreet (Volcano)
  10 demonic crawlers
  8 freezing wraiths
  A rime drake (Lair:4)
  3 komodo dragons
  9 ice devils (IceCv)
  An ancient zyme (Abyss:1)
  A jumping spider (shapeshifter) (Vaults:3)
  6 meliai
  A queen bee (Lair:3)
  14 tyrant leeches
  4 trolls
  10 hornets
  24 jumping spiders
  A raiju (shapeshifter) (Vaults:4)
  4 bog bodies
  A polar bear (Lair:6)
  25 slime creatures
  11 hippogriffs
  3 dream sheep (Lair:4)
  8 blink frogs
  A fire giant simulacrum (Vaults:1)
  A snapping turtle (shapeshifter) (Abyss:1)
  46 redbacks
  22 tarantellas
  2 wyverns
  A water elemental (D:15)
  A human simulacrum (Vaults:1)
  A spriggan (D:8)
  8 wraiths
  16 humans (D:13)
  A shadow (D:13)
  26 yaks
  4 hungry ghosts
  3 swamp worm simulacra (Swamp:4)
  2 basilisks
  7 fire elementals
  2 golden eyes (shapeshifter)
  19 vampire mosquitoes
  A steam dragon (D:13)
  5 insubstantial wisps
  11 swamp worms
  A two-headed ogre zombie (D:9)
  2 wargs
  5 hell hounds (D:12)
  An acid dragon (Vaults:1)
  13 hydra simulacra (Swamp:4)
  10 water moccasins
  7 porcupines
  A small abomination (Abyss:1)
  5 swamp drakes
  An ice beast (shapeshifter) (Vaults:3)
  2 sky beasts
  A hornet zombie (D:10)
  An eye of draining (D:13)
  4 black bears
  A black bear (shapeshifter) (D:15)
  10 ice beasts
  3 necrophages
  39 orc warriors
  5 phantoms
  2 boggarts (Gauntlet)
  28 ogres
  22 centaurs
  14 wolves
  10 crocodiles
  A big kobold (D:8)
  10 bullfrogs
  7 scorpions
  2 troll zombies (D:9)
  35 killer bees
  23 wights
  An electric eel (Spider:4)
  10 howler monkeys
  4 crimson imps
  3 bullfrog skeletons
  2 bullfrog zombies
  7 hounds
  16 orc priests
  3 jellies
  5 iguanas
  8 orc wizards
  8 worker ants
  4 hell rats (Lair:5)
  5 ogre zombies (D:9)
  A hound skeleton (D:8)
  A howler monkey zombie (D:7)
  A worker ant zombie (D:8)
  5 gnolls
  7 adders
  4 shadow imps
  11 white imps (IceCv)
  6 ufetubi (IceCv)
  2 oozes
  5 swamp drake simulacra (Swamp:4)
  2 dart slugs
  6 worms
  2 leopard geckos
  81 orcs
  A giant cockroach (Lair:4)
  9 goblins
  6 hobgoblins
  12 jackals
  4 quokkas
  4 bats
  A frilled lizard (D:2)
  3 goblin skeletons (D:9)
  A goblin zombie (D:9)
  A hobgoblin skeleton (D:9)
  2 hobgoblin zombies (D:9)
  12 kobolds
  A leopard gecko skeleton (D:3)
  A leopard gecko zombie (D:8)
  3 orc skeletons (D:9)
  11 orc zombies (D:9)
  A quokka skeleton (D:5)
  7 rats
  A fire vortex (Volcano)
  A fungus (Lair:4)
  4 plants
1322 creatures vanquished.

Vanquished Creatures (collateral kills)
  A lich (Vaults:1)
  A titan (Vaults:5)
  A frost giant (Vaults:5)
  2 vault wardens
  An ironheart preserver (Vaults:3)
  A very ugly thing (Vaults:5)
  An entropy weaver (Vaults:5)
  A great orb of eyes (Vaults:3)
  A catoblepas (Lair:6)
  4 vault guards
  An ice dragon (Vaults:1)
  A deep troll shaman (Vaults:3)
  5 death yaks (Lair:6)
  2 ogre magi
  A two-headed ogre (D:15)
  3 skeletal warriors (D:15)
  A deep troll (Vaults:3)
  A glowing orange brain (Vaults:2)
  A flayed ghost (Vaults:4)
  3 orb spiders
  An ironbrand convoker (Vaults:1)
  A deep elf mage (Vaults:5)
  A slime creature (Vaults:1)
  A cyclops (D:13)
  3 freezing wraiths
  6 yaktaurs
  A hornet (Spider:4)
  4 humans (D:13)
  2 tarantellas (Spider:1)
  A shadow (Swamp:4)
  A redback (Vaults:5)
  A swamp worm (Swamp:4)
  A hydra simulacrum (Swamp:4)
  3 ogres (D:15)
  An orc priest (Vaults:2)
61 creatures vanquished.

Vanquished Creatures (others)
  A reaper (IceCv)
  A ghost moth (Spider:3)
  A very ugly thing (Vaults:1)
  2 alligators (Swamp:4)
  An orb spider (Spider:4)
  2 jumping spiders (Spider:2)
  A hornet (Swamp:4)
  A bog body (Swamp:4)
  A spriggan (Swamp:4)
  An orc warrior (Vaults:4)
  4 slaves (D:9)
  A white imp (IceCv)
  3 ufetubi (IceCv)
  An orc (Orc:2)
  A goblin skeleton (D:9)
  A goblin zombie (D:9)
  A hobgoblin zombie (D:9)
  An orc zombie (D:9)
  A fire vortex (Volcano)
  A fungus (Lair:3)
  5 plants
32 creatures vanquished.

Grand Total: 1415 creatures vanquished

Notes
Turn   | Place    | Note
-------+----------+-------------------------------------------
     0 | D:1      | Leslie the Minotaur Berserker began the quest for the Orb.
     0 | D:1      | Reached XP level 1. HP: 19/19 MP: 0/0
   357 | D:1      | Reached skill level 4 in Fighting
   402 | D:1      | Reached XP level 2. HP: 27/27 MP: 1/1
   713 | D:2      | Found a faded altar of an unknown god.
   918 | D:2      | Reached XP level 3. HP: 30/34 MP: 2/2
   994 | D:2      | Reached ** piety under Trog
  1460 | D:3      | Found a hazy altar of Hepliaklqana.
  1590 | D:3      | Reached XP level 4. HP: 35/41 MP: 3/3
  1665 | D:3      | Reached skill level 5 in Fighting
  1665 | D:3      | Reached skill level 5 in Axes
  2101 | D:3      | Reached XP level 5. HP: 45/48 MP: 4/4
  2429 | D:4      | Reached skill level 6 in Fighting
  2474 | D:4      | Noticed a phantom
  2501 | D:4      | Killed a phantom
  2501 | D:4      | Reached XP level 6. HP: 40/58 MP: 5/5
  2764 | D:5      | Entered Level 5 of the Dungeon
  2889 | D:5      | Reached skill level 7 in Fighting
  3296 | D:5      | Reached XP level 7. HP: 66/66 MP: 6/6
  3691 | D:5      | Found an iron altar of Okawaru.
  3848 | D:5      | Reached *** piety under Trog
  3938 | D:6      | Reached skill level 8 in Fighting
  4412 | D:6      | Identified the Tome of Earth and Poisoning
  4482 | D:6      | Reached XP level 8. HP: 75/75 MP: 7/7
  4785 | D:6      | Reached skill level 9 in Fighting
  5386 | D:7      | Found a staircase to the Ecumenical Temple.
  5921 | D:7      | Noticed Joseph
  5932 | D:7      | Cast into level 1 of the Abyss (Joseph)
  5953 | Abyss:1  | Noticed an ancient zyme
  5963 | Abyss:1  | Killed an ancient zyme
  5963 | Abyss:1  | Reached skill level 10 in Fighting
  5963 | Abyss:1  | Reached skill level 10 in Axes
  6038 | Abyss:1  | Noticed a snapping turtle
  6051 | Abyss:1  | Killed a snapping turtle
  6051 | Abyss:1  | Reached XP level 9. HP: 83/86 MP: 8/8
  6053 | D:7      | Escaped the Abyss
  6751 | D:7      | Cast into level 1 of the Abyss (Joseph)
  6763 | Abyss:1  | Noticed a smoke demon
  6778 | Abyss:1  | Killed a smoke demon
  6778 | Abyss:1  | Reached skill level 5 in Armour
  6934 | Abyss:1  | Noticed a revenant
  6943 | Abyss:1  | Noticed a spectral ettin
  6945 | Abyss:1  | Killed a revenant
  6945 | Abyss:1  | Reached skill level 5 in Dodging
  6947 | D:7      | Escaped the Abyss
  6959 | D:7      | Cast into level 1 of the Abyss (Joseph)
  6960 | Abyss:1  | Noticed a rakshasa
  6971 | Abyss:1  | Killed a rakshasa
  6971 | Abyss:1  | Reached XP level 10. HP: 34/94 MP: 9/9
  7039 | Abyss:1  | Noticed a large abomination
  7043 | Abyss:1  | Noticed a starcursed mass
  7045 | Abyss:1  | Noticed a sixfirhy
  7046 | Abyss:1  | Noticed a cacodemon
  7051 | Abyss:1  | Noticed an orange demon
  7060 | Abyss:1  | Killed a cacodemon
  7060 | Abyss:1  | Reached skill level 10 in Armour
  7062 | D:7      | Escaped the Abyss
  7063 | D:7      | Killed a sixfirhy
  7063 | D:7      | Reached skill level 11 in Fighting
  7065 | D:7      | Killed a large abomination
  7068 | D:7      | Killed Joseph
  7068 | D:7      | Reached skill level 12 in Fighting
  7828 | D:8      | Noticed Harold
  7854 | D:8      | Noticed a two-headed ogre
  7858 | D:8      | Killed Harold
  7858 | D:8      | Reached XP level 11. HP: 60/106 MP: 10/10
  7873 | D:8      | Killed a two-headed ogre
  7873 | D:8      | Reached skill level 13 in Fighting
  8727 | D:9      | Found a staircase to the Orcish Mines.
  8727 | D:9      | Noticed Pikel
  8735 | D:9      | Reached **** piety under Trog
  8738 | D:9      | Killed Pikel
  9108 | D:9      | Reached ***** piety under Trog
  9330 | D:9      | Noticed Maurice
  9501 | D:8      | Killed Maurice
  9872 | D:10     | Entered Level 10 of the Dungeon
 10056 | D:10     | Killed an unseen horror
 10056 | D:10     | Reached skill level 14 in Fighting
 10269 | D:10     | Noticed a two-headed ogre
 10275 | D:10     | Killed a two-headed ogre
 10275 | D:10     | Killed an unseen horror
 10302 | D:10     | Found a staircase to the Lair.
 10336 | D:10     | Found Ihirgh's Antique Armour Shoppe.
 10937 | D:10     | Reached XP level 12. HP: 117/118 MP: 11/11
 11403 | D:11     | Reached skill level 15 in Fighting
 11783 | D:11     | Received a gift from Trog
 11968 | D:12     | Noticed Azrael
 11981 | D:12     | Killed Azrael
 12347 | D:12     | You fall into a shaft and drop 3 floors!
 12347 | D:15     | Entered Level 15 of the Dungeon
 12347 | D:15     | Noticed an ogre mage
 12347 | D:15     | Noticed a two-headed ogre
 12347 | D:15     | Noticed a two-headed ogre
 12348 | D:15     | Noticed a two-headed ogre
 12353 | D:15     | Killed an ogre mage
 12356 | D:15     | Killed a two-headed ogre
 12358 | D:15     | Killed a two-headed ogre
 12364 | D:15     | Killed a two-headed ogre
 12793 | D:15     | Identified Roxanne's Catalogue of the Mountains
 12793 | D:15     | Noticed Roxanne
 12795 | D:15     | Noticed a rakshasa
 12807 | D:15     | Killed Roxanne
 12815 | D:15     | Killed a rakshasa
 13020 | D:15     | Reached XP level 13. HP: 122/126 MP: 12/12
 13205 | D:15     | Found a blossoming altar of Fedhas.
 13411 | D:15     | Noticed Jorgrun
 13428 | D:15     | Killed Jorgrun
 13758 | D:15     | Reached skill level 15 in Axes
 13847 | D:15     | Reached ****** piety under Trog
 14158 | D:15     | Noticed a fire dragon
 14166 | D:15     | Killed a fire dragon
 14197 | D:15     | Found a staircase to the Depths.
 14622 | D:14     | Noticed Rupert
 14624 | D:14     | Paralysed by Rupert for 3 turns
 14639 | D:14     | Received a gift from Trog
 14908 | D:14     | Found Titsuoche's Antique Weapon Emporium.
 14925 | D:14     | Found a frozen archway.
 14953 | IceCv    | Entered an ice cave
 15047 | IceCv    | Killed a reaper
 17205 | D:14     | Killed Rupert
 18337 | D:13     | Noticed Snorg
 18342 | D:13     | Received a gift from Trog
 18354 | D:13     | Killed Snorg
 18733 | D:13     | Found Tew Lulu's Armour Emporium.
 18760 | D:13     | Reached XP level 14. HP: 116/135 MP: 13/13
 19214 | D:13     | Reached skill level 16 in Fighting
 19527 | D:13     | Found a gate to the Vaults.
 19762 | Orc:1    | Entered Level 1 of the Orcish Mines
 19768 | Orc:1    | Received a gift from Trog
 19793 | Orc:1    | Got a twisted executioner's axe {god gift}
 19794 | Orc:1    | Identified the +8 executioner's axe "Bir Avic" {vorpal,
                  | Str+3 SInv} (Trog gifted it to you on level 1 of the Orcish
                  | Mines)
 19884 | Orc:1    | Noticed an orc warlord
 19901 | Orc:1    | Killed an orc warlord
 20796 | Orc:2    | Entered Level 2 of the Orcish Mines
 20796 | Orc:2    | Found a staircase to the Elven Halls.
 21298 | Orc:2    | Reached skill level 17 in Fighting
 21472 | Orc:2    | Found Pauhu's Antique Armour Boutique.
 21472 | Orc:2    | Found Meshunaw's Food Emporium.
 21474 | Orc:2    | Found Wasaenos's Jewellery Shoppe.
 21485 | Orc:2    | Found Enwecixa's Antique Armour Shop.
 21912 | Orc:2    | Bought a shimmering crystal plate armour for 1530 gold
                  | pieces
 21922 | Orc:2    | Identified the cursed +0 crystal plate armour of Masochism
                  | {MR+ Str+8} (You bought it in a shop on level 2 of the
                  | Orcish Mines)
 21981 | Orc:2    | Bought a ration for 70 gold pieces
 21981 | Orc:2    | Bought a ration for 70 gold pieces
 22387 | Orc:2    | Noticed Josephine
 22394 | Orc:2    | Killed Josephine
 22394 | Orc:2    | Received a gift from Trog
 22760 | Orc:2    | Bought a ration for 70 gold pieces
 22760 | Orc:2    | Bought a ration for 70 gold pieces
 22760 | Orc:2    | Bought a ration for 70 gold pieces
 22760 | Orc:2    | Bought a ration for 70 gold pieces
 22760 | Orc:2    | Bought a ration for 70 gold pieces
 22760 | Orc:2    | Bought a ration for 70 gold pieces
 22760 | Orc:2    | Bought a ration for 70 gold pieces
 23010 | D:12     | Identified the Guide on Virous Arcane Weapons
 23725 | Lair:1   | Entered Level 1 of the Lair of Beasts
 23730 | Lair:1   | Reached skill level 18 in Fighting
 24139 | Lair:1   | Found a dark tunnel.
 24146 | Volcano  | Entered a volcano
 24708 | Lair:1   | Found a snail-covered altar of Cheibriados.
 25266 | Lair:2   | Noticed Erica
 25276 | Lair:2   | Killed Erica
 26041 | Lair:2   | Reached skill level 19 in Fighting
 26045 | Lair:2   | Reached XP level 15. HP: 139/152 MP: 14/14
 26424 | Lair:3   | Found a gate leading to a gauntlet.
 26432 | Gauntlet | Entered a Gauntlet
 26432 | Gauntlet | Found a transporter.
 26432 | Gauntlet | Found a transporter.
 26432 | Gauntlet | Found a runed translucent door.
 26432 | Gauntlet | Found a runed translucent door.
 26454 | Gauntlet | Found a transporter.
 26458 | Gauntlet | Found a transporter.
 26475 | Gauntlet | Found a transporter.
 26476 | Gauntlet | Found a transporter.
 26486 | Gauntlet | Found a transporter.
 26503 | Gauntlet | Found a transporter.
 26537 | Gauntlet | Found a transporter.
 26541 | Gauntlet | Found a transporter.
 26549 | Gauntlet | Found a transporter.
 26553 | Gauntlet | Found a transporter.
 26590 | Gauntlet | Received a gift from Trog
 26591 | Gauntlet | Got a translucent battleaxe {god gift}
 26592 | Gauntlet | Identified the +10 battleaxe "Ynly" {vorpal, rC+ MR+ Int+7
                  | Dex-4} (Trog gifted it to you in a Gauntlet)
 27510 | Lair:3   | Found a glowing golden altar of the Shining One.
 27862 | Lair:4   | Found a staircase to the Swamp.
 27891 | Lair:4   | Found a hole to the Spider Nest.
 27995 | Lair:4   | Reached skill level 20 in Fighting
 28012 | Lair:4   | Received a gift from Trog
 28117 | Lair:4   | Found a runed translucent door.
 28117 | Lair:4   | Noticed kalagan's ghost (journeyman HOFi)
 29008 | Lair:5   | Found a viscous altar of Jiyva.
 29008 | Lair:5   | Found a staircase to the Slime Pits.
 29127 | Lair:5   | Noticed Sonja
 29261 | Lair:5   | Killed Sonja
 30231 | Lair:6   | Entered Level 6 of the Lair of Beasts
 30370 | Lair:6   | Identified a scroll of acquirement
 30372 | Lair:6   | Found the amulet of Vitality {Regen+ HP+15}
 30374 | Lair:6   | Got the amulet of Vitality {Regen+ HP+15}
 30645 | Lair:6   | Reached skill level 10 in Dodging
 30985 | Lair:6   | Got a heavily runed pewter ring
 30992 | Lair:6   | Identified the ring of the Final Chapter {+Inv MR+ Stlth+}
                  | (You found it on level 6 of the Lair of Beasts)
 31001 | Lair:6   | Identified the Catalogue of Confrontation
 31672 | Swamp:1  | Entered Level 1 of the Swamp
 32035 | Swamp:1  | Found a transporter.
 32042 | Swamp:1  | Noticed a thorn hunter
 32180 | Swamp:1  | Found a transporter.
 32233 | Swamp:1  | Noticed a thorn hunter
 32238 | Swamp:1  | Killed a thorn hunter
 32679 | Swamp:1  | Killed a thorn hunter
 32705 | Swamp:1  | Reached skill level 15 in Armour
 32706 | Swamp:1  | Reached XP level 16. HP: 93/162 MP: 15/15
 33150 | Swamp:2  | Received a gift from Trog
 34052 | Swamp:3  | Noticed Donald
 34059 | Swamp:3  | Killed Donald
 34758 | Swamp:3  | Noticed Bai Suzhen
 34791 | Swamp:3  | Killed Bai Suzhen
 35631 | Swamp:4  | Entered Level 4 of the Swamp
 35777 | Swamp:4  | Noticed Aizul
 35808 | Swamp:4  | Killed Aizul
 36646 | Swamp:4  | Received a gift from Trog
 37102 | Swamp:4  | Reached skill level 1 in Shields
 37769 | Swamp:4  | Got a decaying rune of Zot
 37977 | Spider:1 | Entered Level 1 of the Spider Nest
 38141 | Spider:1 | Noticed Frances
 38147 | Spider:1 | Killed Frances
 38502 | Spider:1 | Found a runed translucent gate.
 38503 | Spider:1 | Found a runed translucent gate.
 38508 | Spider:1 | Found a runed translucent gate.
 38508 | Spider:1 | Noticed Feguytzu's ghost (journeyman GrMo)
 38543 | Spider:1 | Received a gift from Trog
 38549 | Spider:1 | Killed Feguytzu's ghost
 38935 | Spider:1 | Got a pair of pitted boots
 38946 | Spider:1 | Identified the cursed -4 pair of boots "Weohal" {rCorr}
                  | (You found it on level 1 of the Spider Nest)
 39108 | Spider:1 | Reached XP level 17. HP: 157/170 MP: 16/16
 39892 | Spider:2 | Got a shimmering broad axe
 39893 | Spider:2 | Identified the +0 broad axe of Midsummer {protect, Int-3
                  | Dex+8 SInv} (You found it on level 2 of the Spider Nest)
 42233 | Spider:4 | Entered Level 4 of the Spider Nest
 44645 | Spider:4 | Reached skill level 5 in Shields
 45922 | Spider:4 | Got a gossamer rune of Zot
 46368 | Vaults:1 | Entered Level 1 of the Vaults
 46398 | Vaults:1 | Found Cyprozxe's Armour Boutique.
 46398 | Vaults:1 | Noticed a lich
 46414 | Vaults:1 | Killed a lich
 46414 | Vaults:1 | Reached XP level 18. HP: 78/178 MP: 17/17
 46419 | Vaults:1 | Received a gift from Trog
 46430 | Vaults:1 | Reached skill level 10 in Shields
 46565 | Vaults:1 | Got a crystal broad axe {god gift}
 46566 | Vaults:1 | Identified the +3 broad axe of Honour {flame, Str+4} (Trog
                  | gifted it to you on level 1 of the Vaults)
 47933 | Vaults:1 | Received a gift from Trog
 49260 | Vaults:2 | Reached skill level 15 in Shields
 49961 | Vaults:2 | Received a gift from Trog
 49961 | Vaults:2 | Reached XP level 19. HP: 143/187 MP: 18/18
 50396 | Vaults:3 | Found Taemmauqu's Book Boutique.
 50611 | Vaults:3 | Reached skill level 21 in Fighting
 51221 | Vaults:4 | Found Faetru's Weapon Shoppe.
 51262 | Vaults:4 | Reached skill level 22 in Fighting
 51298 | Vaults:4 | Found a flickering gateway to a bazaar.
 51311 | Bazaar   | Entered a bazaar
 51336 | Bazaar   | Found Rapoeteru's Distillery.
 51336 | Bazaar   | Found Otoluz's Weapon Shoppe.
 51361 | Bazaar   | Found Quavviug's Assorted Antiques.
 51386 | Bazaar   | Found Jishosaomn's Antique Weapon Shoppe.
 51411 | Bazaar   | Found Zots's Antique Armour Emporium.
 51411 | Bazaar   | Found Laasoh's Armour Shoppe.
 51510 | Bazaar   | Bought a potion of curing for 33 gold pieces
 51510 | Bazaar   | Bought a potion of curing for 33 gold pieces
 51510 | Bazaar   | Bought 2 potions of curing for 66 gold pieces
 51592 | Vaults:4 | Received a gift from Trog
 51595 | Vaults:4 | Got a transparent battleaxe {god gift}
 51601 | Vaults:4 | Identified the +9 battleaxe "Fochykith" {vorpal, Str+2
                  | Int+2} (Trog gifted it to you on level 4 of the Vaults)
 52224 | Vaults:4 | Reached skill level 23 in Fighting
 53516 | Vaults:5 | Entered Level 5 of the Vaults
 53576 | Vaults:4 | Reached XP level 20. HP: 93/205 MP: 19/19
 53958 | Vaults:4 | Reached skill level 24 in Fighting
 54216 | Vaults:5 | Noticed a golden dragon
 54237 | Vaults:5 | Killed a golden dragon
 54249 | Vaults:5 | Killed from afar by a deep elf high priest

Illustrated notes

Levels and vault maps discovered:
D:1:      scummos_arrival_star, layout_basic
D:2:      layout_basic, chequers_ecumenical_altar_simple_redux,
          chequers_serial_rivers_small_a
D:3:      layout_loops_corners, nicolae_overflow_crystal_walls
D:4:      layout_basic, cheibriados_altar_1
D:5:      layout_loops_ring, first_ration, kennysheep_minor_cross,
          okawaru_altar_gauntlet_db
D:6:      layout_cave_pods
D:7:      layout_rooms, minmay_temple_entry_overgrown, uniq_joseph
D:8:      kennysheep_ambush_hall, layout_rooms, grunt_pizzeria, uniq_harold
D:9:      layout_loops_ring, zombieorc2_lemuel, uniq_pikel, uniq_maurice
D:10:     layout_basic, dpeg_oklobed_lair, serial_shops, nicolae_shop_crystal,
          kennysheep_generic_room_13
D:11:     layout_rooms
D:12:     layout_rooms, uniq_azrael
D:13:     layout_loops_cross, grunt_vaults_entry_tiered, serial_shops, shop,
          uniq_snorg
D:14:     layout_gridville, portal_ice_cave_entry_ice_beasts, serial_shops,
          shop, hangedman_decor_lopped, uniq_rupert
D:15:     grunt_enter_depths_hoard, layout_basic, nicolae_lava_and_water,
          tgw_fedhas, uniq_jorgrun, uniq_roxanne
Lair:1:   layout_regular_city, nicolae_volcano_entry_two_sided,
          lemuel_centaur_altar, grunt_megastairs_1
Lair:2:   layout_hall_layers, beast_lair_carwin_10, uniq_erica
Lair:3:   layout_small_grid, special_room [special_room_bee],
          gauntlet_entry_generic, basic_altar, chequers_serial_rivers_micro_a,
          infiniplex_staircase_pool_2
Lair:4:   layout_regular_city, minmay_swamp_entry_swarm,
          nicolae_spider_entry_non_spiders, ebering_ghost_reflecting_pool
Lair:5:   layout_loops_ring, slime_altar_1, minivault_26,
          minmay_shattered_shrine, infiniplex_staircase_pool, uniq_sonja
Lair:6:   grunt_lair_end_beastmaster, layout_layer_cave
Swamp:1:  gammafunk_the_bubble [the_bubble_gammafunk_plus_minus],
          layout_basic_swamp, evilmike_swamp_ruin_house_3
Swamp:2:  layout_basic_swamp, serial_swamp_ruin, hangedman_swamp_ruin_wall,
          evilmike_swamp_ruin_house_2, evilmike_swamp_ruin_rubble_1
Swamp:3:  layout_basic_swamp, evilmike_swamp_ruin_wall, swamp_pool5,
          uniq_donald, uniq_bai_suzhen
Swamp:4:  swamp_icy, layout_basic_swamp, uniq_aizul
Spider:1: cheibrodos_spider_silkery, gammafunk_ghost_tricky_traps, uniq_frances
Spider:2: layout_spider_delve
Spider:3: layout_spider_delve, drop_trap
Spider:4: guppyfry_spider_rune, hangedman_spider_mandibles
Orc:1:    layout_caves
Orc:2:    st_orc_rangers, layout_caves, uniq_josephine
Vaults:1: hangedman_vaults_slice, nicolae_vaults_specimen_jars,
          grunt_vaults_hallway_long, dpeg_vaults_monster_box,
          vaults_room_door_ring, v_rooms_2, nicolae_vaults_what_the_h,
          v_pattern_4, v_misc_9, nicolae_vaults_statue_guard,
          layout_vaults_omnicross
Vaults:2: v_misc_18, hangedman_vaults_unwind, ontoclasm_vaults_ring_small,
          v_misc_30, st_lines, hangedman_vaults_pinch, ontoclasm_vaults_eye,
          nicolae_vaults_mini_display_case, nicolae_vaults_shelves_hall,
          layout_vaults_big_room
Vaults:3: minmay_crypt_entry_nasty_monster, hangedman_vaults_corner,
          st_more_cells, vaults_room_door_hall, v_rooms_6,
          nicolae_vaults_bisected_exclaves, vaults_room_corners,
          vaults_standard_mumra_enter_the_diamond, vaults_dpeg_cross,
          nicolae_vaults_little_squares_2, layout_vaults_omnibox, serial_shops,
          nicolae_shop_crystal
Vaults:4: v_misc_5, vaults_room_door_ring, nicolae_vaults_arrows,
          grunt_vaults_hallway_short, nicolae_vaults_network_periphery,
          vaults_standard_mumra_enter_the_diamond,
          nicolae_vaults_ring_of_whatevers, nicolae_vaults_little_ls, v_misc_18,
          vaults_dpeg_hooks, nicolae_vaults_theta, vaults_room_pool,
          layout_vaults_omnigrid, serial_shops, bzr_entry_dummy, shop
Vaults:5: serial_shops, uniq_margery

Skill      XL: |  1  2  3  4  5  6  7  8  9 10 11 12 13 14 15 16 17 18 19 20 |
---------------+-------------------------------------------------------------+-----
Fighting       | 4 5 6 7 8 10 12 14 15 19 20 23 24 | 24.6
Axes           | 4 5 6 7 8 10 12 14 17 18 20 23 | 23.9
Armour         | 3 9 10 14 15 16 17 | 17.0
Dodging        | 6 8 11 12 | 12.0
Shields        | 4 8 15 | 15.0

Action                   |  1- 3 |  4- 6 |  7- 9 | 10-12 | 13-15 | 16-18 | 19-21 || total
-------------------------+-------+-------+-------+-------+-------+-------+-------++-------
Melee: Hand axe          |    78 |   105 |   158 |   122 |       |       |       ||   463
       Headbutt          |    13 |    23 |    34 |    99 |   253 |   360 |   145 ||   927
       Battleaxe         |       |       |       |   310 |   472 |    27 |       ||   809
       Unarmed           |       |       |       |     5 |       |       |       ||     5
       War axe           |       |       |       |       |   387 |   210 |       ||   597
       Executioner's axe |       |       |       |       |   135 |     2 |    15 ||   152
       Broad axe         |       |       |       |       |    16 |  1067 |   393 ||  1476
Throw: Boomerang         |       |       |       |     3 |       |    24 |       ||    27
Invok: Berserk           |       |       |     4 |     6 |     9 |     2 |     2 ||    23
       Trog's Hand       |       |       |     1 |       |     1 |     1 |       ||     3
       Brothers in Arms  |       |       |       |     1 |     2 |    10 |     8 ||    21
  Use: Scroll            |     1 |     2 |       |     9 |    35 |    12 |     3 ||    62
       Potion            |       |       |     5 |     3 |    10 |     5 |     4 ||    27
 Stab: Distracted        |       |       |       |       |       |     1 |       ||     1
  Eat: Chunk             |     2 |     6 |     7 |    14 |    25 |    16 |     8 ||    78
       Ration            |       |       |     3 |     6 |    13 |    13 |     3 ||    38
Armor: Ring mail         |    32 |    28 |       |       |       |       |       ||    60
       Scale mail        |       |     1 |     3 |       |       |       |       ||     4
       Plate armour      |       |       |   102 |   262 |   276 |       |       ||   640
       Crystal plate arm |       |       |       |       |   296 |       |   119 ||   415
       Gold dragon scale |       |       |       |       |    45 |  1168 |    70 ||  1283
Dodge: Dodged            |    40 |    52 |    68 |   214 |   658 |   732 |   214 ||  1978
Block: Kite shield       |       |       |       |       |       |   809 |   285 ||  1094
       Reflection        |       |       |       |       |       |    19 |    44 ||    63
